 Seeded DCSS version 0.26.1-11-gd32895ea62 (webtiles) character file.

Game seed: 13435453013147752700 (custom seed)

466 wilfster70 the Chiller (level 7, -6/50 HPs)
             Began as a Gnoll Ice Elementalist on Apr 28, 2021.
             Was an Initiate of Ashenzari.
             Mangled by a killer bee (7 damage)
             ... on level 4 of the Dungeon.
             The game lasted 00:07:48 (2839 turns).

wilfster70 the Chiller (Gnoll Ice Elementalist)     Turns: 2839, Time: 00:07:49

Health: -6/50      AC:  3    Str:  9 (11) XL:     7   Next: 8%
Magic:  10/15      EV: 13    Int: 16 (19) God:    Ashenzari [......]
Gold:   198        SH:  0    Dex: 12 (15) Spells: 10/17 levels left

rFire    + . .     SeeInvis .   a - +0 spear
rCold    . . .     Faith    .   (no shield)
rNeg     . . .     Spirit   .   c - +0 leather armour
rPois    .         Reflect  .   (no helmet)
rElec    .         Harm     .   (no cloak)
rCorr    .         Rampage  .   (no gloves)
Will     .....                  (no boots)
Stlth    ++........             (no amulet)
HPRegen  0.16/turn              k - ring of protection from fire
MPRegen  0.14/turn              (no ring)

@: brilliant, lethally poisoned (-6 -> -10), frozen ramparts, flying
A: distributed training, fangs 1, strong nose
a: Renounce Religion, Curse Item


You were on level 4 of the Dungeon.
You worshipped Ashenzari.
Ashenzari was noncommittal.
You visited 1 branch of the dungeon, and saw 4 of its levels.

You collected 198 gold pieces.

Inventory:

Hand Weapons
 a - a +0 spear (weapon)
Armour
 c - a +0 leather armour (worn)
Jewellery
 k - a ring of protection from fire (left hand)
Wands
 u - a wand of random effects (13)
Scrolls
 b - 2 scrolls of teleportation {unknown}
 f - a scroll of fear {unknown}
 g - a scroll of random uselessness {unknown}
 h - 4 scrolls of identify {unknown}
 i - a scroll of amnesia {unknown}
 j - a scroll of enchant weapon {unknown}
 m - 2 scrolls of magic mapping {unknown}
 s - 2 scrolls of remove curse
 t - a scroll of blinking {unknown}
Potions
 d - a potion of haste {unknown}
 e - 2 potions of might
 l - a potion of mutation {unknown}
 n - 2 potions of degeneration
 o - a potion of lignification {unknown}
 p - a potion of cancellation {unknown}
 q - a potion of brilliance


   Skills:
 + Level 2.2 Fighting
 + Level 2.2 Short Blades
 + Level 2.2 Long Blades
 + Level 2.2 Axes
 + Level 2.2 Maces & Flails
 + Level 2.2 Polearms
 + Level 2.2 Staves
 + Level 2.2 Slings
 + Level 2.2 Bows
 + Level 2.2 Crossbows
 + Level 2.2 Throwing
 + Level 2.2 Armour
 + Level 5.1 Dodging
 + Level 4.7 Stealth
 + Level 2.2 Shields
 + Level 2.2 Unarmed Combat
 + Level 5.5 Spellcasting
 + Level 1.8 Conjurations
 + Level 1.8 Hexes
 + Level 1.8 Summonings
 + Level 1.8 Necromancy
 + Level 1.8 Translocations
 + Level 1.8 Transmutations
 + Level 1.8 Fire Magic
 + Level 7.3 Ice Magic
 + Level 1.8 Air Magic
 + Level 1.8 Earth Magic
 + Level 1.8 Poison Magic
 + Level 2.5 Invocations
 + Level 2.2 Evocations


You had 10 spell levels left.
You knew the following spells:

 Your Spells              Type           Power        Failure   Level
a - Freeze                Ice            100%         1%          1
b - Frozen Ramparts       Ice            84%          2%          3
c - Ozocubu's Armour      Ice            42%          2%          3

Your spell library contained the following spells:

 Spells                   Type           Power        Failure   Level
 Magic Dart               Conj           60%          10%         1
 Blink                    Tloc           N/A          14%         2
 Call Imp                 Summ           15%          14%         2
 Slow                     Hex            15%          14%         2
 Conjure Flame            Conj/Fire      15%          28%         3
 Mephitic Cloud           Conj/Pois/Air  15%          28%         3
 Hailstorm                Conj/Ice       28%          30%         4
 Summon Ice Beast         Ice/Summ       28%          30%         4


Dungeon Overview and Level Annotations

Branches:
Dungeon (4/15)
 Temple: D:4-7

Altars:
Ashenzari
Hepliaklqana
Nemelex Xobeh
Okawaru

Annotations:
D:4 9 exclusions


Innate Abilities, Weirdness & Mutations

Your experience applies equally to all skills.
You have very sharp teeth.
Your uncanny sense of smell can sniff out nearby items.


Message History

Press: ? - help, Dir - move target, f - killer bee
Aim: a killer bee (moderately wounded)
You reach to attack!
You hit the killer bee.
The killer bee is heavily wounded.
The wall freezes the killer bee.
A killer bee comes into view.
The wall freezes the killer bee.
You miss the killer bee. Your bite misses the killer bee.
The killer bee is severely wounded.
You feel sick.
The wall freezes the killer bee.
You kill the killer bee!
The wall freezes the killer bee. x2; The killer bee stings you!
* * * LOW HITPOINT WARNING * * *
You have reached level 7!
It was a potion of flight.
You feel very buoyant.
You fly up into the air.
* * * LOW HITPOINT WARNING * * *
You feel sick.
The wall freezes the killer bee.
The killer bee stings you!
You die...

......#....... ...
...##...####.# #.#
...###.## #.# #.#
.......# #.# #.#
.#.##### #.# #y#
.#.# #######.# #.#
.#.. yyyy....# #†#
##### #†# #y#
..##########.# #@#
∆
.............###.#
..##..>..........#
##################
# #


You could see 2 killer bees.

Vanquished Creatures
  A scorpion (D:4)
  4 killer bees (D:4)
  An orc priest (D:4)
  2 orc wizards
  Ijyb (D:3)
  3 gnolls (D:3)
  4 adders
  2 worms
  2 dart slugs (D:2)
  2 leopard geckos
  4 orcs
  2 ball pythons
  2 giant cockroaches
  5 goblins
  4 hobgoblins
  6 jackals
  9 kobolds
  A quokka (D:3)
  5 bats
  3 frilled lizards
  7 rats
70 creatures vanquished.

Notes
Turn   | Place    | Note
-------+----------+-------------------------------------------
     0 | D:1      | wilfster70 the Gnoll Ice Elementalist began the quest for
                  | the Orb.
     0 | D:1      | Reached XP level 1. HP: 13/13 MP: 6/6
    81 | D:1      | Found a broken altar of Ashenzari.
    94 | D:1      | Became a worshipper of Ashenzari the Shackled
   452 | D:1      | Reached XP level 2. HP: 17/19 MP: 4/7
   905 | D:2      | Reached skill level 5 in Spellcasting
   905 | D:2      | Reached XP level 3. HP: 21/25 MP: 7/9
   909 | D:2      | Learned a level 3 spell: Frozen Ramparts
   913 | D:2      | Learned a level 3 spell: Ozocubu's Armour
  1197 | D:2      | Reached skill level 1 in Invocations
  1283 | D:2      | Reached skill level 1 in Fighting
  1283 | D:2      | Reached skill level 1 in Short Blades
  1283 | D:2      | Reached skill level 1 in Long Blades
  1283 | D:2      | Reached skill level 1 in Axes
  1283 | D:2      | Reached skill level 1 in Maces & Flails
  1283 | D:2      | Reached skill level 1 in Polearms
  1283 | D:2      | Reached skill level 1 in Staves
  1283 | D:2      | Reached skill level 1 in Slings
  1283 | D:2      | Reached skill level 1 in Bows
  1283 | D:2      | Reached skill level 1 in Crossbows
  1283 | D:2      | Reached skill level 1 in Throwing
  1283 | D:2      | Reached skill level 1 in Armour
  1283 | D:2      | Reached skill level 1 in Shields
  1283 | D:2      | Reached skill level 1 in Unarmed Combat
  1283 | D:2      | Reached skill level 1 in Evocations
  1461 | D:2      | Reached XP level 4. HP: 32/32 MP: 7/11
  1556 | D:3      | Reached skill level 1 in Conjurations
  1556 | D:3      | Reached skill level 1 in Hexes
  1556 | D:3      | Reached skill level 1 in Summonings
  1556 | D:3      | Reached skill level 1 in Necromancy
  1556 | D:3      | Reached skill level 1 in Translocations
  1556 | D:3      | Reached skill level 1 in Transmutations
  1556 | D:3      | Reached skill level 1 in Fire Magic
  1556 | D:3      | Reached skill level 1 in Air Magic
  1556 | D:3      | Reached skill level 1 in Earth Magic
  1556 | D:3      | Reached skill level 1 in Poison Magic
  1759 | D:3      | Found a sparkling altar of Nemelex Xobeh.
  1982 | D:3      | Reached XP level 5. HP: 33/37 MP: 8/12
  2395 | D:3      | Noticed Ijyb
  2407 | D:3      | Killed Ijyb
  2642 | D:4      | Found an iron altar of Okawaru.
  2691 | D:4      | Reached XP level 6. HP: 42/44 MP: 10/14
  2694 | D:4      | Reached skill level 5 in Dodging
  2770 | D:4      | Found a hazy altar of Hepliaklqana.
  2838 | D:4      | HP: 2/44 [killer bee (8)]
  2839 | D:4      | Reached XP level 7. HP: 2/50 MP: 10/15
  2839 | D:4      | Mangled by a killer bee

Illustrated notes

Levels and vault maps discovered:
D:1:      giann_forest_graveyard, layout_rooms, serial_curves, eino_curves_03,
          eino_curves_03, hangedman_abyss_or_decor_stabs,
          nicolae_ashenzari_panopticon
D:2:      layout_rooms
D:3:      layout_basic, chequers_decorated_corner, nemelex_spade_bored_becter,
          uniq_ijyb
D:4:      layout_loops_ring, nicolae_overflow_hidden_temple, okawaru_gym_becter

Skill      XL: |  1  2  3  4  5  6 |
---------------+-------------------+-----
Spellcasting   | 5 |  5.5
Invocations    | 1 2 |  2.5
Fighting       | 1 2 |  2.2
Short Blades   | 1 2 |  2.2
Long Blades    | 1 2 |  2.2
Axes           | 1 2 |  2.2
Maces & Flails | 1 2 |  2.2
Polearms       | 1 2 |  2.2
Staves         | 1 2 |  2.2
Slings         | 1 2 |  2.2
Bows           | 1 2 |  2.2
Crossbows      | 1 2 |  2.2
Throwing       | 1 2 |  2.2
Armour         | 1 2 |  2.2
Shields        | 1 2 |  2.2
Unarmed Combat | 1 2 |  2.2
Evocations     | 1 2 |  2.2
Conjurations   | 1 |  1.8
Hexes          | 1 |  1.8
Summonings     | 1 |  1.8
Necromancy     | 1 |  1.8
Translocations | 1 |  1.8
Transmutations | 1 |  1.8
Fire Magic     | 1 |  1.8
Air Magic      | 1 |  1.8
Earth Magic    | 1 |  1.8
Poison Magic   | 1 |  1.8
Dodging        | 5 |  5.1
Stealth        | |  4.7
Ice Magic      | |  7.3

Action                   |  1- 3 |  4- 6 |  7- 9 || total
-------------------------+-------+-------+-------++-------
Melee: Short sword       |    65 |    43 |       ||   108
       Bite              |     5 |     6 |       ||    11
       Spear             |       |    13 |       ||    13
       Punch             |       |     1 |       ||     1
 Cast: Freeze            |    13 |       |       ||    13
       Frozen Ramparts   |     3 |    14 |       ||    17
  Use: Potion            |     1 |     2 |     1 ||     4
 Stab: Sleeping          |     5 |     3 |       ||     8
Armor: Leather armour    |    16 |    10 |       ||    26
Dodge: Dodged            |    54 |    39 |       ||    93
